 Dungeon Crawl Stone Soup version 0.30.1-4-g462c640d31 (webtiles) character file.

Game seed: 9539868565125096836

56 ChiefBigBeans the Shooter (level 3, -3/22 HPs)
             Began as a Tengu Hunter on Sept 5, 2023.
             Slain by Sigmund
             ... wielding a +5 scythe of protection
              (12 damage)
             ... on level 2 of the Dungeon.
             The game lasted 00:01:36 (940 turns).

ChiefBigBeans the Shooter (Tengu Hunter)             Turns: 940, Time: 00:01:37

Health: -3/22      AC:  3    Str: 11    XL:     3   Next: 97%
Magic:  4/4        EV: 13    Int:  9    God:
Gold:   58         SH:  0    Dex: 25    Spells: 2/2 levels left

rFire   . . .        a - +0 shortbow
rCold   . . .        (shield currently unavailable)
rNeg    + . .        c - +0 leather armour
rPois   .            (helmet restricted)
rElec   .            (no cloak)
rCorr   .            (no gloves)
SInv    .            (boots unavailable)
Will    .....        (no amulet)
Stlth   ++           f - ring of positive energy
HPRegen 0.23/turn    i - +6 ring of dexterity
MPRegen 0.09/turn

%: no passive effects
@: no status effects
A: beak, talons 3
a: no special abilities


You were on level 2 of the Dungeon.
You visited 1 branch of the dungeon, and saw 2 of its levels.

You collected 58 gold pieces.

Inventory:

Hand Weapons
 a - a +0 shortbow (weapon)
Armour
 c - a +0 leather armour (worn)
Jewellery
 f - a ring of positive energy (left hand)
 i - a +6 ring of dexterity (right hand)
Scrolls
 b - a scroll of immolation
 d - 2 scrolls of blinking {unknown}
 j - a scroll of noise {unknown}
Potions
 e - a potion of heal wounds {unknown}
 g - a potion of degeneration {unknown}
 h - a potion of flight {unknown}


   Skills:
 + Level 2.6 Fighting
 + Level 4.8 Ranged Weapons
 + Level 2.9 Dodging
 + Level 2.1 Stealth


You had 2 spell levels left.
You didn't know any spells.
Your spell library contained the following spells:

 Spells                   Type           Power      Damage    Failure   Level
 Vhi's Electric Charge    Tloc/Air       0%         N/A       85%         3
 Arcjolt                  Conj/Air       0%         1d10      100%        5
 Plasma Beam              Fire/Air       0%         2x1d11    100%        6


Dungeon Overview and Level Annotations

Branches:
Dungeon (2/15)

Altars:

Annotations:
D:2 Sigmund


Innate Abilities, Weirdness & Mutations

You have a beak for a mouth.
You have claws for feet.


Message History

Sigmund is lightly wounded.
Sigmund barely misses you.
You shoot an arrow. The arrow hits Sigmund!
Sigmund is heavily wounded.
Sigmund hits you from afar with a +5 scythe of protection.
You shoot an arrow. The arrow hits Sigmund.
Sigmund is severely wounded.
Sigmund hits you from afar with a +5 scythe of protection.
You are too injured to fight recklessly!
You are too injured to fight recklessly!
You are too injured to fight recklessly!
You are too injured to fight recklessly!
You are too injured to fight recklessly!
You are too injured to fight recklessly!
Fire: a) +0 shortbow
Press: ? - help, Q - select action Shift-Dir - straight line, f/p - Sigmund
Aim: Sigmund, wielding a +5 scythe of protection and wearing a +2 robe of resistance (severely wounded, 64% to hit)
You shoot an arrow. The arrow hits Sigmund.
Sigmund is severely wounded.
Sigmund casts a spell at you.
You are confused.
Non-targeted confused fire: a) +0 shortbow
Press: ? - help, Q - select action Dir - look around, f - activate You shoot an arrow.
Sigmund hits you but does no damage.
Non-targeted confused fire: a) +0 shortbow
Press: ? - help, Q - select action Dir - look around, f - activate You shoot an arrow.
Sigmund barely misses you.
Non-targeted confused fire: a) +0 shortbow
Press: ? - help, Q - select action Dir - look around, f - activate You shoot an arrow.
Sigmund hits you from afar with a +5 scythe of protection.
Non-targeted confused fire: a) +0 shortbow
Press: ? - help, Q - select action Dir - look around, f - activate You shoot an arrow.
You feel less confused.
Sigmund hits you from afar with a +5 scythe of protection!
Ouch! That really hurt!
You die...

...........'........#.#
#.######...##########.#
#..............#
#....########### #....#
#....# #....# #....#
#...@# #.....@#
##.....# .......#
........+ ..........#
......##### ......


You could see Sigmund.

Vanquished Creatures
  3 adders (D:2)
  5 endoplasms (D:1)
  2 giant cockroaches (D:1)
  3 hobgoblins
  A quokka (D:1)
  5 ball pythons
  3 bats (D:1)
  A frilled lizard (D:2)
  3 goblins (D:1)
  2 kobolds
  2 rats (D:1)
30 creatures vanquished.

Notes
Turn   | Place    | Note
-------+----------+-------------------------------------------
     0 | D:1      | ChiefBigBeans the Tengu Hunter began the quest for the Orb.
     0 | D:1      | Reached XP level 1. HP: 12/12 MP: 2/2
    93 | D:1      | Reached XP level 2. HP: 17/17 MP: 3/3
   734 | D:2      | Reached XP level 3. HP: 22/22 MP: 4/4
   925 | D:2      | Noticed Sigmund
   940 | D:2      | Slain by Sigmund

Illustrated notes

Levels and vault maps discovered:
D:1:      minmay_arrival_up_and_down, layout_basic, minmay_misc_feat_five
D:2:      layout_basic, chequers_jeans, uniq_sigmund

Skill      XL: |  1  2  3 |
---------------+----------+-----
Stealth        | 2 |  2.1
Fighting       | |  2.6
Ranged Weapons | |  4.8
Dodging        | |  2.9

Action                     || total
---------------------------++-------
   Fire: Shortbow          ||    87
 Armour: Leather armour    ||     6
  Dodge: Dodged            ||    18
